 Dungeon Crawl Stone Soup version 0.31-a0-702-gf82c85558f (webtiles) character file.

Game seed: 5771488645468324970

107 qw the Shooter (level 4, -6/28 HPs)
             Began as a Gargoyle Hunter on Sept 8, 2023.
             Mangled by an ogre
             ... wielding a +0 giant spiked club
              (10 damage)
             ... on level 4 of the Dungeon.
             The game lasted 00:00:51 (1962 turns).

qw the Shooter (Gargoyle Hunter)                    Turns: 1962, Time: 00:00:51

Health: -6/28      AC:  9    Str: 15    XL:     4   Next: 86%
Magic:  4/4        EV: 11    Int:  9    God:
Gold:   189        SH:  0    Dex: 15    Spells: 3/3 levels left

rFire   + . .        Y - +0 shortbow
rCold   + . .        (shield currently unavailable)
rNeg    + . .        e - +0 ring mail
rPois   inf          (no helmet)
rElec   +            h - scarf {rC+ rF+}
rCorr   .            b - +0 pair of gloves
SInv    .            (no boots)
Will    .....        n - amulet of faith
Stlth   +            (no ring)
HPRegen 0.24/turn    (no ring)
MPRegen 0.09/turn

%: faith
@: about to teleport
A: sickness immunity, AC +3, negative energy resistance 1, electricity
resistance, torment resistance 1, petrification resistance
a: no special abilities


You were on level 4 of the Dungeon.
You visited 1 branch of the dungeon, and saw 4 of its levels.

You collected 189 gold pieces.


Innate Abilities, Weirdness & Mutations

You are immune to sickness and miasma.
Your stone body is resilient. (AC +3)
You are immune to poison.
You resist negative energy. (rN+)
You are resistant to electric shocks. (rElec)
You are resistant to unholy torment.
You are immune to petrification.


   Skills:
 - Level 3.1 Fighting
 - Level 5.6 Ranged Weapons
 + Level 0.0 Armour
 - Level 1.5 Dodging
 - Level 1.1 Stealth


You had 3 spell levels left.
You didn't know any spells.
Your spell library was empty.

Inventory:

Hand Weapons
 Y - a +0 shortbow (weapon)
Armour
 b - a +0 pair of gloves (worn)
 e - a +0 ring mail (worn)
 h - a scarf of resistance (worn)
 l - a +0 cloak
Jewellery
 n - an amulet of faith (around neck)
Scrolls
 a - 2 scrolls of identify
 k - a scroll of teleportation
Potions
 f - a potion of curing {unknown}
 g - a potion of attraction {unknown}
 j - a potion of degeneration {unknown}
 m - a potion of resistance {unknown}
 p - a potion of enlightenment {unknown}

Dungeon Overview and Level Annotations

Branches:
Dungeon (4/15)
 Temple: D:4-7

Altars:
Elyvilon
Uskayaw

Shops:
D:4 =


Message History

As you read the scroll of identify, it crumbles to dust.
d - a potion of lignification
1921 ||| IDENTIFYING viscous emerald potion Done exploring.
1922 ||| DROPPING potion of lignification.
You drop a potion of lignification.
Done exploring.
What level of the Dungeon? (default 3, ? - help)
There is a stone staircase leading down here.
You climb downwards.
Found a scroll of identify.
There is a stone staircase leading up here.
Waypoint 3 assigned to D:4.
a - 2 scrolls of identify (gained 1)
An ogre comes into view. It is wielding a +0 giant spiked club.
The ogre shouts!
You hear a shout!
A hobgoblin comes into view.
You shoot an arrow. The hobgoblin shouts!
The arrow hits the ogre but does no damage.
You shoot an arrow. The arrow barely misses the ogre.
The arrow hits the hobgoblin but does no damage.
You shoot an arrow. The arrow hits the ogre.
The ogre is lightly wounded.
A hobgoblin comes into view.
You shoot an arrow. The arrow hits the ogre!
The ogre is heavily wounded.
A hobgoblin comes into view.
The hobgoblin moves out of view.
You shoot an arrow. The arrow hits the ogre!
The ogre is severely wounded.
The ogre hits you with a +0 giant spiked club!!
Ouch! That really hurt!
1961 ||| READING 2 scrolls of teleportation.
As you read the scroll of teleportation, it crumbles to dust.
You feel strangely unstable.
You shoot an arrow. The arrow barely misses the ogre.
The arrow closely misses the hobgoblin.
The ogre hits you with a +0 giant spiked club!
You die...

.... .##
..... ###..#
......
...#.#
...... ....#
....g. .\..#
......#
....#
......O#...#
......g@##
...^.....#
.........#
...........#
...........#
...........#
...........#
...........#
...........#


You could see an ogre and 2 hobgoblins.

Vanquished Creatures
  An iguana (D:3)
  2 adders (D:3)
  A worm (D:2)
  2 dart slugs
  4 orcs (D:3)
  4 endoplasms
  4 giant cockroaches
  4 goblins
  4 hobgoblins
  6 jackals
  4 quokkas
  2 ball pythons
  3 bats
  A frilled lizard (D:1)
  6 kobolds
  2 rats
50 creatures vanquished.

Notes
Turn   | Place    | Note
-------+----------+-------------------------------------------
     0 | D:1      | qw the Gargoyle Hunter began the quest for the Orb.
     0 | D:1      | Reached XP level 1. HP: 12/12 MP: 1/1
     0 | D:1      | 0 ||| qw: Version: 0.3-a-76-g4403597
     0 | D:1      | 0 ||| qw: Game counter: 1076
     0 | D:1      | 0 ||| qw: Melee chars always use a shield: true
     0 | D:1      | 0 ||| qw: God list: Okawaru
     0 | D:1      | 0 ||| qw: Allow faded altars: false
     0 | D:1      | 0 ||| qw: Do Orc after clearing Dungeon:15 true
     0 | D:1      | 0 ||| qw: Do second Lair branch before Depths: true
     0 | D:1      | 0 ||| qw: Lair rune preference: random
     0 | D:1      | 0 ||| qw: Goals: Normal
     0 | D:1      | 0 ||| PLANNING D:1-11
   277 | D:1      | Reached XP level 2. HP: 17/17 MP: 2/2
   690 | D:1      | 690 ||| READING scroll labelled ZIXZIE RUTAO.
   693 | D:1      | 693 ||| READING scroll labelled UTUCUA SUOMPY.
   794 | D:1      | 794 ||| READING scroll labelled YRIRHE NIBLARCHAE.
   795 | D:1      | 795 ||| DROPPING scroll of butterflies.
   892 | D:2      | 892 ||| DROPPING +0 sling of flaming.
   933 | D:2      | Reached XP level 3. HP: 21/21 MP: 3/3
   939 | D:2      | Reached skill level 5 in Ranged Weapons
  1014 | D:2      | Found a white marble altar of Elyvilon.
  1167 | D:2      | Identified the +1 mace of Jeetudis {freeze, rF- rN+ Will++}
  1188 | D:2      | Found a faded altar of an unknown god.
  1265 | D:2      | 1265 ||| UPGRADING to scarf of resistance.
  1270 | D:2      | 1270 ||| READING scroll labelled DUKOFO URAUDD.
  1271 | D:2      | 1271 ||| READING scroll labelled POTHAENUUPH.
  1272 | D:2      | 1272 ||| READING scroll labelled DIXZURUISH.
  1273 | D:2      | 1273 ||| READING 2 scrolls of identify.
  1273 | D:2      | 1273 ||| IDENTIFYING blue potion
  1274 | D:2      | 1274 ||| DROPPING potion of berserk rage.
  1380 | D:3      | Identified the +10 trident "Tyxkeg" {freeze, Fly rElec rF+}
  1416 | D:3      | Reached skill level 3 in Fighting
  1450 | D:3      | Reached XP level 4. HP: 26/28 MP: 4/4
  1788 | D:3      | Found a hide-covered altar of Uskayaw.
  1897 | D:3      | 1897 ||| UPGRADING to +0 pair of gloves.
  1902 | D:3      | 1902 ||| UPGRADING to +0 ring mail.
  1912 | D:3      | 1912 ||| DROPPING +0 leather armour.
  1913 | D:3      | 1913 ||| UPGRADING to amulet of faith.
  1918 | D:3      | 1918 ||| READING scroll labelled ISEENO LAUNE.
  1919 | D:3      | 1919 ||| READING scroll labelled XETUITT SOIH.
  1920 | D:3      | 1920 ||| READING scroll labelled INEMIQ LOED.
  1921 | D:3      | 1921 ||| READING 2 scrolls of identify.
  1921 | D:3      | 1921 ||| IDENTIFYING viscous emerald potion
  1922 | D:3      | 1922 ||| DROPPING potion of lignification.
  1953 | D:4      | Found Qezxumask's One-of-a-Kind Rings.
  1955 | D:4      | Noticed an ogre
  1960 | D:4      | HP: 4/28 [ogre/+0 giant spiked club (24)]
  1961 | D:4      | 1961 ||| READING 2 scrolls of teleportation.
  1962 | D:4      | Mangled by an ogre

Levels and vault maps discovered:
D:1:      dpeg_arrival_connections, layout_loops_ring
D:2:      layout_rooms, basic_altar, shapermc_ecumenical_altar_mp_vishouse
D:3:      layout_basic, mainiacjoe_overflow_alcove_4
D:4:      layout_gridville, lemuel_coloured_pillars_altar,
          nicolae_shop_unique_rings, kennysheep_donut, lexackson_kobold_supper

Skill      XL: |  1  2  3 |
---------------+----------+-----
Ranged Weapons | 5 |  5.6
Fighting       | 3 |  3.1
Dodging        | |  1.5
Stealth        | |  1.1

Action                     |  1- 3 |  4- 6 || total
---------------------------+-------+-------++-------
   Fire: Shortbow          |   134 |    52 ||   186
    Use: Scroll            |     7 |     5 ||    12
 Armour: Leather armour    |    38 |    16 ||    54
         Ring mail         |       |     2 ||     2
  Dodge: Dodged            |    28 |    15 ||    43

Table legend:
 A = Non-vault XP
 B = Vault XP
 C = Vault XP percentage of total XP
 D = Non-vault monster count
 E = Vault monster count
 F = Vault count percentage of total count
                 A         B        C        D         E       F
            +---------+---------+-------+---------+---------+-------
      Total |     154 |       0 |   0.0 |      50 |       0 |   0.0
            +---------+---------+-------+---------+---------+-------
        D:1 |      25 |       0 |   0.0 |      15 |       0 |   0.0
        D:2 |      37 |       0 |   0.0 |      18 |       0 |   0.0
        D:3 |      92 |       0 |   0.0 |      17 |       0 |   0.0
            +---------+---------+-------+---------+---------+-------
